 Dungeon Crawl Stone Soup version 0.23-a0-703-gdf2d5e0 (console) character file.

9 Duffy the Firebug (level 2, 19/19 HPs)
             Began as a Demonspawn Fire Elementalist on Jan 13, 2019.
             Quit the game on level 1 of the Dungeon.
             The game lasted 00:00:23 (266 turns).

Duffy the Firebug (Demonspawn Fire Elementalist)     Turns: 266, Time: 00:00:23

Health: 19/19      AC:  3    Str: 14    XL:     2   Next: 3%
Magic:  3/5        EV: 12    Int: 16    God:
Gold:   34         SH:  0    Dex: 13    Spells: 4/5 levels left

rFire    . . .     SeeInvis .   (no weapon)
rCold    . . .     Gourm    .   (no shield)
rNeg     . . .     Faith    .   a - +0 robe
rPois    .         Spirit   .   (helmet restricted)
rElec    .         Reflect  .   (no cloak)
rCorr    .         Harm     .   e - +0 pair of gloves
MR       .....                  (no boots)
Stlth    ++........             (no amulet)
HPRegen  0.06/turn              g - +6 ring of strength
MPRegen  0.09/turn              (no ring)

@: no status effects
A: horns 1
a: no special abilities


You were on level 1 of the Dungeon.
You were not hungry.

You visited 1 branch of the dungeon, and saw 1 of its levels.

You collected 34 gold pieces.

Inventory:

Armour
 a - a +0 robe (worn)
 e - a +0 pair of gloves (worn)
Jewellery
 g - a +6 ring of strength (left hand)
Scrolls
 f - a scroll of magic mapping {unknown}
 h - a scroll of identify {unknown}
Potions
 b - 3 potions of mutation {unknown}
Comestibles
 c - 3 rations
 d - 11 chunks of flesh


   Skills:
 - Level 1.7 Dodging
 - Level 1.7 Stealth
 - Level 2.0 Spellcasting
 + Level 2.1 Conjurations
 - Level 2.6 Fire Magic


You had 4 spell levels left.
You knew the following spells:

 Your Spells              Type           Power        Failure   Level  Hunger
h - Flame Tongue          Conj/Fire      #....        8%          1    #......

Your spell library contained the following spells:

 Spells                   Type           Power        Failure   Level  Hunger
 Throw Flame              Conj/Fire      #.....       12%         2    ###....
 Conjure Flame            Conj/Fire      #.......     22%         3    ###....
 Inner Flame              Hex/Fire       #.......     34%         3    ###....
 Sticky Flame             Conj/Fire      #.......     58%         4    #####..
 Fireball                 Conj/Fire      #.........   91%         5    ######.


Dungeon Overview and Level Annotations

Branches:
Dungeon (1/15)

Altars:


Innate Abilities, Weirdness & Mutations

You have a pair of small horns on your head.


Message History

g - a +6 ring of strength (left hand)
Found a short sword and 8 poisoned needles.
h - a scroll labeled HUPNOUNIUPLUF Some of the chunks of flesh in your inventory have rotted away.
A hobgoblin comes into view.
You see here 7 gold pieces.
A hobgoblin is nearby!
You see here a short sword.
Casting: Flame Tongue (safe; 8% risk of failure)
Confirm with . or Enter, or press ? or * to list all spells.
Aiming: Flame Tongue (safe; 8% risk of failure)
Press: ? - help, Shift-Dir - straight line, f - hobgoblin
Aim: a hobgoblin (resting)
The flame tongue hits the hobgoblin.
You kill the hobgoblin!
You have reached level 2!
You feel monstrous as your demonic heritage exerts itself.
Your demonic ancestry asserts itself...
A pair of horns grows on your head!
Are you sure you want to abandon this character and quit the game? (Confirm with "yes".)

... ..# #.# .. #.##
####..###..## ####
..(##.....[.# ..# #..##
#.... #.# #..####(... #@#
#......... #.#
##.#..)..). ###.###.#####
#..#.###.#.
.......)#...###....##(...
###.....$..........##....
#............#.##.##....
#.....$......#.##.##.%..
................##..#....
###......................


There were no monsters in sight!

Vanquished Creatures
  3 goblins (D:1)
  2 hobgoblins (D:1)
  2 frilled lizards (D:1)
  A kobold (D:1)
8 creatures vanquished.

Vanquished Creatures (others)
  5 toadstools (D:1)
5 creatures vanquished.

Grand Total: 13 creatures vanquished

Notes
Turn   | Place    | Note
-------+----------+-------------------------------------------
     0 | D:1      | Duffy the Demonspawn Fire Elementalist began the quest for
                  | the Orb.
     0 | D:1      | Reached XP level 1. HP: 13/13 MP: 3/3
   265 | D:1      | Gained mutation: You have a pair of small horns on your
                  | head. [demonic ancestry]
   265 | D:1      | Reached XP level 2. HP: 19/19 MP: 3/5
   266 | D:1      | Quit the game

Vault maps used:
D:1:      ldierk_walled_garden

Skill      XL: |  1 |
---------------+----+-----
Conjurations   | 2 |  2.1
Dodging        | |  1.7
Stealth        | |  1.7
Spellcasting   | |  2.0
Fire Magic     | |  2.6

Action                   || total
-------------------------++-------
 Cast: Flame Tongue      ||    12
Armor: Robe              ||     1
Dodge: Dodged            ||     2

Table legend:
 A = Non-vault XP
 B = Vault XP
 C = Vault XP percentage of total XP
 D = Non-vault monster count
 E = Vault monster count
 F = Vault count percentage of total count
                 A         B        C        D         E       F
            +---------+---------+-------+---------+---------+-------
      Total |      13 |       0 |   0.0 |       8 |       0 |   0.0
            +---------+---------+-------+---------+---------+-------
        D:1 |      13 |       0 |   0.0 |       8 |       0 |   0.0
            +---------+---------+-------+---------+---------+-------
